AoeStats
← 白鹿城拉车车

Arena

507458498Analyzed
4v4 RM · 13d ago on Sep 18, 2026· 49m 17s· 8 players
Game mode
Random Map
Map size
Large (8 player)
Population
200
Speed
Normal
Resources
Standard
Victory
Conquest
Starting age
Dark Age
Ending age
Imperial Age
RankedLock teamsTeams togetherTeam positionsShared explorationLock speedFull tech treeHidden civsTurbo modeCheats
Victory
Defeat
🇫🇷 Italians · France
1458
+16
🇸🇪 Teutons · Sweden
1399
+19
🇨🇳 Turks · China
1369
+20
🇨🇳 Huns · China
1317
+22
🇹🇼 Poles · Taiwan
1487
-20
🇦🇷 Bohemians · Argentina
1453
-19
🇨🇳 Hindustanis · China
1453
-19
🇨🇳 Teutons · China
1451
-19
Mllento
10:13 Feudal Age
11:10 Double-Bit Axe
14:10 Castle Age
12:26 Double-Bit Axe
13:00 Horse Collar
15:15 Bow Saw
19:24 Wheelbarrow
20:00 Loom
20:01 Town Watch
21:33 Hand Cart
21:48 Gold Mining
22:05 Heavy Plow
22:27 Scale Barding Armor
23:17 Gold Shaft Mining
23:11 Forging
24:00 Chain Barding Armor
24:06 Husbandry
24:41 Bloodlines
25:41 Iron Casting
26:16 Light Cavalry
32:30 Imperial Age
30:39 Fletching
30:49 Padded Archer Armor
31:13 Ballistics
30:41 Elite Skirmisher
31:28 Thumb Ring
31:22 Bodkin Arrow
32:39 Heavy Camel Rider
33:23 Bracer
34:03 Plate Barding Armor
35:44 Blast Furnace
35:25 Coinage
35:20 Leather Archer Armor
36:08 Chemistry
35:15 Siege Engineers
36:11 Banking
35:45 Stone Mining
35:34 Imperial Camel Rider
37:53 Conscription
38:54 Ring Archer Armor
38:38 Masonry
42:30 Hoardings
42:04 Siege Elephant
48:25 Shatagni
逸丶然
5:49 Loom
8:37 Feudal Age
10:07 Double-Bit Axe
11:22 Fletching
17:01 Town Watch
18:42 Horse Collar
18:54 Stone Mining
26:41 Castle Age
27:37 Bow Saw
27:29 Heavy Plow
27:21 Gold Mining
27:36 Bodkin Arrow
29:12 Wheelbarrow
36:31 Imperial Age
34:53 Padded Archer Armor
35:16 Ballistics
36:02 Leather Archer Armor
37:54 Ring Archer Armor
38:26 Chemistry
36:48 Elite Skirmisher
37:54 Fortified Wall
38:53 Masonry
39:48 Conscription
40:41 Scale Mail Armor
40:52 Forging
Sunny Day
10:33 Feudal Age
14:53 Castle Age
13:49 Double-Bit Axe
20:45 Bow Saw
20:19 Horse Collar
20:47 Loom
21:37 Wheelbarrow
24:11 Gold Mining
25:09 Hand Cart
28:13 Imperial Age
25:58 Scale Barding Armor
26:38 Szlachta Privileges
27:18 Bloodlines
27:34 Chain Barding Armor
27:47 Husbandry
27:58 Forging
28:16 Cavalier
30:06 Iron Casting
33:31 Blast Furnace
32:31 Stone Mining
32:29 Light Cavalry
33:37 Winged Hussar
36:19 Heavy Plow
44:30 Conscription
Imrik
2:33 Loom
10:39 Feudal Age
14:36 Castle Age
12:54 Double-Bit Axe
14:43 Horse Collar
16:13 Loom
27:58 Wheelbarrow
30:42 Hand Cart
38:54 Imperial Age
37:57 Treadmill Crane
40:37 Chemistry
38:58 Pikeman
39:39 Squires
41:22 Bow Saw
40:48 Halberdier
41:35 Town Watch
42:55 Scale Mail Armor
43:05 Forging
43:10 Heavy Plow
43:21 Houfnice
44:56 Chain Mail Armor
45:16 Iron Casting
46:01 Siege Engineers
46:47 Plate Mail Armor
46:52 Iron Casting
48:39 Iron Casting
ASLAN
10:07 Feudal Age
14:14 Castle Age
12:40 Double-Bit Axe
12:44 Horse Collar
19:26 Bow Saw
20:11 Heavy Plow
20:10 Stone Mining
21:19 Wheelbarrow
22:22 Gold Mining
23:21 Loom
23:21 Town Watch
24:58 Hand Cart
24:44 Town Patrol
26:35 Stone Shaft Mining
26:14 Bloodlines
26:11 Scale Barding Armor
26:55 Forging
31:06 Imperial Age
29:52 Iron Casting
29:54 Chain Barding Armor
31:27 Cavalier
32:45 Plate Barding Armor
33:27 Two-Man Saw
32:58 Crop Rotation
33:32 Chemistry
33:34 Blast Furnace
34:23 Conscription
34:05 Squires
33:26 Pikeman
33:51 Arson
34:39 Paladin
35:47 Scale Mail Armor
37:02 Chain Mail Armor
36:09 Halberdier
38:22 Plate Mail Armor
40:21 Fletching
41:07 Caravan
41:44 Bodkin Arrow
Jambonbeurre
10:15 Feudal Age
11:01 Double-Bit Axe
13:26 Loom
24:20 Castle Age
22:20 Horse Collar
23:30 Bloodlines
24:29 Gold Mining
34:08 Bow Saw
37:18 Heavy Plow
37:55 Wheelbarrow
41:12 Imperial Age
39:26 Stone Mining
40:57 Padded Archer Armor
41:51 Hand Cart
42:54 Chemistry
42:18 Thumb Ring
41:47 Capped Ram
43:59 Leather Archer Armor
47:18 Ring Archer Armor
CavArchers
10:00 Feudal Age
13:35 Castle Age
12:03 Double-Bit Axe
12:00 Horse Collar
14:37 Bow Saw
20:11 Wheelbarrow
20:32 Heavy Plow
20:50 Gold Mining
21:22 Fletching
22:14 Gold Shaft Mining
23:42 Bodkin Arrow
23:48 Padded Archer Armor
23:52 Husbandry
24:41 Stone Mining
30:04 Imperial Age
28:39 Bloodlines
28:45 Hand Cart
28:15 Loom
29:46 Ballistics
30:21 Thumb Ring
30:18 Heavy Cavalry Archer
32:03 Chemistry
32:37 Two-Man Saw
32:04 Parthian Tactics
31:57 Leather Archer Armor
31:50 Bracer
31:48 Town Watch
32:58 Leather Archer Armor
34:18 Conscription
33:58 Marauders
34:32 Scale Barding Armor
34:37 Forging
34:05 Light Cavalry
35:38 Conscription
36:12 Coinage
35:53 Guilds
35:55 Masonry
35:40 Murder Holes
36:08 Chain Barding Armor
35:13 Hussar
36:58 Iron Casting
36:34 Elite Tarkan
37:14 Marauders
37:35 Atheism
38:51 Plate Barding Armor
39:49 Blast Furnace
39:39 Scale Mail Armor
43:15 Chain Mail Armor
白鹿城拉车车
10:09 Feudal Age
14:11 Castle Age
13:07 Gold Mining
13:28 Horse Collar
13:36 Loom
14:47 Double-Bit Axe
24:37 Fletching
25:19 Padded Archer Armor
29:12 Bow Saw
30:03 Wheelbarrow
29:45 Leather Archer Armor
31:29 Bodkin Arrow
35:49 Imperial Age
34:31 Stone Mining
35:17 Gold Shaft Mining
36:06 Hand Cart
37:49 Two-Man Saw
37:26 Bracer
37:57 Ring Archer Armor
37:26 Town Watch
38:51 Heavy Plow
42:00 Conscription
41:03 Elite Janissary
46:15 Guilds
46:07 Caravan
49:05 Fortified Wall
49:16 Ballistics
48:37 Treadmill Crane
Connection lost

Rejoining the realm…

Still unreachable

The connection could not be restored.

Session expired

The server has moved on; the page needs a fresh start.